 Dungeon Crawl Stone Soup version 0.20.1-1-g8b1a95d (webtiles) character file.

593 Monsterracer the Chiller (level 7, -3/50 HPs)
             Began as a Barachi Ice Elementalist on Sept 2, 2017.
             Slain by a phantom (9 damage)
             ... on level 4 of the Dungeon.
             The game lasted 00:09:59 (5036 turns).

Monsterracer the Chiller (Barachi Ice Elementalist) Turns: 5036, Time: 00:10:00

Health: -3/50      AC:  3    Str: 14    XL:     7   Next: 39%
Magic:  4/13       EV: 12    Int: 17    God:
Gold:   267        SH:  0    Dex: 13    Spells: 4/14 levels left

rFire    . . .     SeeInvis .   a - +3 dagger (speed)
rCold    . . .     Gourm    .   (no shield)
rNeg     + . .     Faith    .   m - +1 robe
rPois    .         Spirit   .   (no helmet)
rElec    .         Reflect  .   (no cloak)
rCorr    .         Harm     .   (no gloves)
MR       .....                  (no boots)
Stlth    ++........             (no amulet)
Regen    0.2/turn               t - ring of positive energy
MPRegen  0.2/turn               (no ring)

@: mighty, slow
A: +LOS, swims, slowness 1, strong legs 1
a: Hop


You were on level 4 of the Dungeon.
You were not hungry.

You visited 1 branch of the dungeon, and saw 5 of its levels.

You collected 267 gold pieces.

Inventory:

Hand Weapons
 a - a +3 dagger of speed (weapon)
 b - a +0 falchion
 d - a +0 dagger of draining
Armour
 m - a +1 robe (worn)
Jewellery
 t - a ring of positive energy (left hand)
Scrolls
 e - 2 scrolls of identify
 g - 3 scrolls of recharging
 i - a scroll of remove curse
 j - 3 scrolls of teleportation
 n - a scroll of fear
Potions
 k - 2 potions of curing
 o - a potion of haste
 s - a potion of mutation
 u - a potion of brilliance
 v - a potion of lignification
Books
 r - a book of Frost

   Spells                             Type                      Level
   a - Freeze                         Ice                          1
   b - Throw Frost                    Conjuration/Ice              2
   c - Ozocubu's Armour               Charms/Ice                   3
   d - Throw Icicle                   Conjuration/Ice              4
   e - Summon Ice Beast               Ice/Summoning                4
Comestibles
 c - 7 bread rations
 f - 2 royal jellies
 l - 3 fruits


   Skills:
 + Level 2.2 Fighting
 + Level 1.7 Long Blades
 - Level 2.1 Dodging
 - Level 1.7 Stealth
 + Level 4.3 Spellcasting
 + Level 3.1 Conjurations
 + Level 2.2 Summonings
 * Level 6.9 Ice Magic


You had 4 spell levels left.
You knew the following spells:

 Your Spells              Type           Power        Failure   Level  Hunger
a - Freeze                Ice            ####         1%          1    None
b - Throw Frost           Conj/Ice       ###...       3%          2    ##.....
c - Ozocubu's Armour      Chrm/Ice       ###.....     11%         3    ###....
d - Summon Ice Beast      Ice/Summ       ###.....     22%         4    ####...


Dungeon Overview and Level Annotations

Branches:
Dungeon (5/15)
 Temple: D:4-7

Altars:
Hepliaklqana
Makhleb
Sif Muna
Trog
Xom
Zin


Innate Abilities, Weirdness & Mutations

Shadows flee at your approach. (+LOS)
You can swim through water.
You cover ground slowly.
You can hop short distances.


Message History

Huge Dmg: -14%(-7hp) hp: 36%(18hp)
You puncture the phantom!
The phantom is heavily damaged.
The phantom hits you!
* * * LOW HITPOINT WARNING * * *
Huge Dmg: -18%(-9hp) hp: 18%(9hp)
You hit the phantom.
The phantom is heavily damaged.
You miss the phantom.
The phantom is heavily damaged.
The phantom hits you.
* * * LOW HITPOINT WARNING * * *
Huge Dmg: -6%(-3hp) hp: 12%(6hp) Unknown command.
You hit the phantom.
The phantom is severely damaged.
You hit the phantom.
The phantom is severely damaged.
The phantom hits you!
You die...

##.....##.....##....#...#########
..............'..................
.#.###.##.....##....#.(..........
.#.# # #.....############.......
...# #. #.....# ######.......
######'##.....# #))..........
.#.##.)....######## #[###########
.#.........# ##...###...# #...##
##.##......###..@..##...##.....#
.#.##......##....W..#รท..#.......
##.........##..)....'...'....?..
.....#####.##.......#...#......
...........###.....##...##.....
......###..# ##...###...# #...#
......# #..## ##### #...# ####
......###...# #...# ............#
#...#


You could see a phantom.

Vanquished Creatures
  Sigmund (D:4)
  An ice beast (D:4)
  A scorpion (D:4)
  A centaur skeleton (D:4)
  2 orc wizards
  2 worker ants
  5 adders
  3 oozes
  An adder skeleton (D:5)
  3 worms
  2 dart slugs
  2 leopard geckos
  10 orcs
  2 ball pythons
  2 giant cockroaches
  9 goblins
  8 hobgoblins
  7 jackals
  A quokka (D:3)
  7 bats
  3 frilled lizards
  10 kobolds
  A leopard gecko zombie (D:5)
  8 rats
92 creatures vanquished.

Vanquished Creatures (collateral kills)
  An iguana (D:4)
1 creature vanquished.

Grand Total: 93 creatures vanquished

Notes
Turn   | Place    | Note
-------+----------+-------------------------------------------
     0 | D:1      | Monsterracer the Barachi Ice Elementalist began the quest for the Orb.
     0 | D:1      | Reached XP level 1. HP: 13/13 MP: 3/3
   271 | D:1      | HP: 5/13 [dart slug/slug dart (5)]
   272 | D:1      | Reached skill level 4 in Ice Magic
   272 | D:1      | Reached XP level 2. HP: 8/19 MP: 0/5
   624 | D:1      | Learned a level 2 spell: Throw Frost
   949 | D:2      | Reached XP level 3. HP: 21/24 MP: 3/6
   951 | D:2      | HP: 11/24 [hobgoblin/club (4)]
   961 | D:2      | Learned a level 3 spell: Ozocubu's Armour
  1298 | D:2      | Reached skill level 5 in Ice Magic
  1307 | D:2      | HP: 12/24 [poisoned by an adder]
  1315 | D:2      | HP: 11/24 [poisoned by an adder]
  1614 | D:2      | Reached XP level 4. HP: 23/30 MP: 5/8
  1814 | D:2      | Found a burning altar of Makhleb.
  1817 | D:2      | Found a glowing silver altar of Zin.
  1820 | D:2      | Found a hazy altar of Hepliaklqana.
  2055 | D:3      | Noticed a moth of wrath
  2066 | D:3      | Found a bloodstained altar of Trog.
  3084 | D:3      | Reached XP level 5. HP: 35/35 MP: 8/10
  3396 | D:4      | Found a deep blue altar of Sif Muna.
  3444 | D:4      | Found a shimmering altar of Xom.
  3446 | D:4      | Reached skill level 6 in Ice Magic
  3468 | D:4      | Learned a level 4 spell: Summon Ice Beast
  3540 | D:4      | Noticed an ice beast
  3560 | D:4      | HP: 9/35 [ice beast (14)]
  3565 | D:4      | Killed an ice beast
  3565 | D:4      | Reached XP level 6. HP: 11/42 MP: 4/11
  3848 | D:4      | HP: 21/42 [centaur skeleton (8)]
  3853 | D:4      | HP: 19/42 [centaur skeleton (2)]
  3854 | D:4      | Reached skill level 1 in Fighting
  3854 | D:4      | Reached skill level 1 in Summonings
  4061 | D:4      | You fall through a shaft!
  4061 | D:5      | Entered Level 5 of the Dungeon
  4222 | D:4      | Noticed Sigmund
  4512 | D:4      | Killed Sigmund
  4512 | D:4      | Reached skill level 1 in Long Blades
  4512 | D:4      | Reached XP level 7. HP: 35/50 MP: 3/13
  4623 | D:4      | HP: 24/50 [worker ant (4)]
  4628 | D:4      | HP: 19/50 [poisoned by a worker ant]
  4633 | D:4      | HP: 16/50 [poisoned by a worker ant]
  4639 | D:4      | HP: 13/50 [poisoned by a worker ant]
  4644 | D:4      | HP: 12/50 [poisoned by a worker ant]
  4651 | D:4      | HP: 11/50 [poisoned by a worker ant]
  4659 | D:4      | HP: 10/50 [poisoned by a worker ant]
  4970 | D:4      | HP: 23/50 [phantom (5)]
  4980 | D:4      | HP: 23/50 [phantom (1)]
  5001 | D:4      | HP: 25/50 [frilled lizard (2)]
  5012 | D:4      | HP: 21/50 [phantom (5)]
  5031 | D:4      | HP: 18/50 [phantom (7)]
  5034 | D:4      | HP: 6/50 [phantom (3)]
  5036 | D:4      | Slain by a phantom

Skill      XL: |  1  2  3  4  5  6  7 |
---------------+----------------------+-----
Ice Magic      | 4 5 6 |  6.9
Spellcasting   | 3 4 |  4.3
Conjurations   | 2 3 |  3.1
Fighting       | 2 |  2.2
Summonings     | 1 2 |  2.2
Long Blades    | 1 |  1.7
Dodging        | |  2.1
Stealth        | |  1.7

Action                   |  1- 3 |  4- 6 |  7- 9 || total
-------------------------+-------+-------+-------++-------
Melee: Short sword       |    10 |       |       ||    10
       Dagger            |    11 |    93 |    27 ||   131
       Falchion          |       |     3 |       ||     3
 Cast: Freeze            |    39 |    71 |    15 ||   125
       Throw Frost       |       |     3 |       ||     3
       Ozocubu's Armour  |       |     5 |     1 ||     6
       Summon Ice Beast  |       |     2 |     3 ||     5
  Use: Scroll            |       |    15 |     3 ||    18
       Potion            |       |       |     1 ||     1
 Stab: Sleeping          |     2 |     4 |       ||     6
  Eat: Chunk             |     3 |    10 |     4 ||    17
Armor: Robe              |     3 |    31 |     4 ||    38
Dodge: Dodged            |    24 |    77 |    19 ||   120
